 Dungeon Crawl Stone Soup version 0.18-a0-844-g9229740 (webtiles) character file.

58 Proton the Insei (level 4, -1/24 HPs)
             Began as a Vine Stalker Monk on Dec 19, 2015.
             Killed by divine providence
             ... invoked by an orc priest
              (12 damage)
             ... on level 3 of the Dungeon.
             The game lasted 00:04:15 (1441 turns).

Proton the Insei (Vine Stalker Monk)                Turns: 1441, Time: 00:04:16

Health: -1/24      AC:  4    Str: 14    XL:     4   Next: 2%
Magic:  0/5        EV: 13    Int: 10    God:
Gold:   57         SH:  0    Dex: 17    Spells: 0 memorised, 3 levels left

rFire  . . .     SeeInvis .       - Unarmed
rCold  . . .     Gourm    +     a - +0 robe
rNeg   . . .     Faith    .     (no shield)
rPois  .         Spirit   +     (no helmet)
rElec  .         Dismiss  .     (no cloak)
rCorr  .         Reflect  .     (no gloves)
SustAt .         Harm     .     (no boots)
MR     .....                    i - amulet of the gourmand
Stlth  ++........               (no ring)
                                e - +2 ring of protection

@: not resistant to hostile enchantments, unstealthy
A: fangs 2, regeneration 1, magic shield, antimagic bite, no device heal 3, rot
immunity
a: no special abilities


You were on level 3 of the Dungeon.
You were not hungry.

You visited 1 branch of the dungeon, and saw 3 of its levels.

You collected 57 gold pieces.

Inventory:

Missiles
 o - 4 javelins of penetration (quivered)
Armour
 a - a +0 robe (worn)
Jewellery
 e - a +2 ring of protection (left hand)
 i - an amulet of the gourmand (around neck)
Wands
 n - a wand of hasting (2)
Scrolls
 d - a scroll of fog {unknown}
 f - a scroll of blinking {unknown}
 g - a scroll of random uselessness {unknown}
 j - a scroll of immolation {unknown}
 m - a scroll of identify {unknown}
Potions
 c - a potion of degeneration {unknown}
 h - a potion of lignification {unknown}
 k - a potion of agility {unknown}
 l - a potion of mutation {unknown}
Comestibles
 b - a bread ration


   Skills:
 + Level 3.1 Fighting
 + Level 0.8 Armour
 + Level 2.8 Dodging
 - Level 2.4 Stealth
 * Level 4.5 Unarmed Combat


You had 3 spell levels left.
You didn't know any spells.

Dungeon Overview and Level Annotations

Branches:
Dungeon (3/15)

Altars:
Pakellas
Trog
Zin

Annotations:
D:3 Sigmund


Innate Abilities, Weirdness & Mutations

You have extremely sharp teeth.
Your natural rate of healing is unusually fast.
When hurt, damage is shared between your health and your magic reserves.
Your bite disrupts and absorbs the magic of your enemies.
Potions and wands cannot restore your health.
You are immune to rotting.


Message History

Found a dagger.
An orc comes into view. It is wielding a war axe.
The orc shouts!
The orc priest calls down the wrath of Beogh upon you.
Something smites you!
You hit the orc priest.
The orc priest is moderately wounded.
The bat hits you but does no damage. The orc priest hits you with a whip.
You barely miss the orc priest. Your bite misses the orc priest.
The orc priest is moderately wounded.
The bat completely misses you.
The orc priest hits you but does no damage.
The bat barely misses you.
You barely miss the orc priest. Your bite misses the orc priest.
The orc priest is moderately wounded.
The bat barely misses you.
The orc priest invokes the aid of Beogh against you.
Something smites you!
Ouch! That really hurt!
You die...

.... #....#
.... #.##..#.#
....
#.......##
....
#.........##
###(
#b........†.##
.#
.............#
...?
#............#
###.
.r.........###
. ....#.ob@.#
.# ....##.o#.#
.. .....r.o..#
....... .#
......) .#
..##### ## ..


You could see an orc priest, 2 orcs, a bat and a rat.

Vanquished Creatures
  2 adders (D:2)
  An ooze (D:1)
  A worm (D:2)
  6 giant cockroaches
  3 hobgoblins
  A ball python (D:2)
  5 bats
  2 giant newts
  6 goblins
  8 kobolds
  2 rats (D:2)
37 creatures vanquished.

Notes
Turn   | Place    | Note
--------------------------------------------------------------
     0 | D:1      | Proton the Vine Stalker Monk began the quest for the Orb.
     0 | D:1      | Reached XP level 1. HP: 11/11 MP: 2/2
   291 | D:1      | Reached XP level 2. HP: 16/16 MP: 3/3
   688 | D:2      | Reached XP level 3. HP: 12/20 MP: 4/4
   787 | D:2      | Found a bloodstained altar of Trog.
  1021 | D:2      | Found an oddly glowing altar of Pakellas.
  1109 | D:2      | Found a glowing silver altar of Zin.
  1332 | D:3      | Noticed Sigmund
  1406 | D:2      | Reached XP level 4. HP: 24/24 MP: 5/5
  1441 | D:3      | Killed from afar by an orc priest

Vault maps used:
D:1:      lemuel_arrival_broad_hall, serial_glass, glass_columns_b,
          glass_columns_a, glass_columns_a
D:2:      zin_treasury, nicolae_overflow_crystal_walls, grunt_pakellas_sulfur
D:3:      kiku_gazebo_pond_becter, uniq_terence, uniq_sigmund

Action                   |  1- 3 |  4- 6 || total
-------------------------+-------+-------++-------
Melee: Unarmed           |    85 |     5 ||    90
 Stab: Sleeping          |     4 |     1 ||     5
  Eat: Bread ration      |     1 |       ||     1
